[ AOE2 MATCH · #483980960 ]
Team RMPortuguese vs Mongols
[ REPLAY ANALYSIS · EXTRACTED FROM THE RECORDED GAME ]
Feudal
10:35
Castle
15:30
Imperial
32:03
| APM avg | 32.8 |
| APM peak | 96 |
| eAPM avg | 16.1 |
| Villagers / military | 77 / 52 |
Focus
⚔️ 22.0% · 🌾 78.0%
Spearman ×19 · Organ Gun ×17 · Skirmisher ×12 · Monk ×3 · Mangonel ×1
Feudal
11:58
Castle
15:47
Imperial
35:52
| APM avg | 23.3 |
| APM peak | 65 |
| eAPM avg | 13.3 |
| Villagers / military | 148 / 132 |
Focus
⚔️ 27.5% · 🌾 72.5%
Scout Cavalry ×72 · Mangudai ×60
Feudal
11:53
Castle
16:39
Imperial
36:08
| APM avg | 26.8 |
| APM peak | 57 |
| eAPM avg | 15.5 |
| Villagers / military | 137 / 100 |
Focus
⚔️ 19.5% · 🌾 80.5%
Knight ×85 · Bombard Cannon ×8 · Battering Ram ×5 · Monk ×2
Feudal
10:39
Castle
15:47
Imperial
30:13
| APM avg | 21.4 |
| APM peak | 60 |
| eAPM avg | 13.3 |
| Villagers / military | 107 / 96 |
Focus
⚔️ 23.8% · 🌾 76.2%
Chu Ko Nu ×92 · Trade Cart ×18 · Monk ×2 · Trebuchet (Packed) ×2
Match map
Resources at game start + every placement click. Thick line = wall · dashed box = detected house wall. 🟡 gold · ⚪ stone · 🟢 berries · 🔶 boar · ⭕ relic
Inputs per minute
— Nerdyx - - Fatal
Build order — Nerdyx
First 150 of 277 actions detected
| 0:01 | Create | Villager (Male) |
| 0:01 | Create | Villager (Male) |
| 0:02 | Build | House |
| 0:03 | Build | House |
| 0:15 | Create | Villager (Male) |
| 0:15 | Create | Villager (Male) |
| 1:37 | Create | Villager (Male) |
| 2:00 | Create | Villager (Male) |
| 2:17 | Create | Villager (Male) |
| 2:17 | Create | Villager (Male) |
| 2:43 | Build | Lumber Camp |
| 2:45 | Create | Villager (Male) |
| 2:50 | Create | Villager (Male) |
| 3:21 | Create | Villager (Male) |
| 3:51 | Build | House |
| 3:53 | Build | House |
| 4:02 | Create | Villager (Male) |
| 4:02 | Create | Villager (Male) |
| 4:39 | Create | Villager (Male) |
| 5:01 | Build | House |
| 5:22 | Create | Villager (Male) |
| 5:23 | Create | Villager (Male) |
| 5:23 | Create | Villager (Male) |
| 6:10 | Build | Mill |
| 6:14 | Create | Villager (Male) |
| 6:28 | Create | Villager (Male) |
| 6:48 | Create | Villager (Male) |
| 7:07 | Create | Villager (Male) |
| 7:26 | Create | Villager (Male) |
| 8:00 | Build | Mining Camp |
| 8:25 | Research | Feudal Age |
| 9:24 | Build | Farm |
| 9:31 | Build | Farm |
| 9:35 | Build | Farm |
| 9:39 | Create | Villager (Male) |
| 9:45 | Build | Farm |
| 9:59 | Create | Villager (Male) |
| 10:35 | Age | Feudal Age |
| 10:36 | Research | Double-Bit Axe |
| 10:36 | Research | Double-Bit Axe |
| 10:54 | Build | Market |
| 10:57 | Create | Villager (Male) |
| 11:43 | Build | Blacksmith |
| 11:48 | Build | House |
| 11:51 | Create | Villager (Male) |
| 12:04 | Build | Farm |
| 12:11 | Research | Loom |
| 12:42 | Build | House |
| 12:46 | Build | Mining Camp |
| 12:50 | Research | Castle Age |
| 13:06 | Research | Stone Mining |
| 13:14 | Research | Horse Collar |
| 14:24 | Build | Farm |
| 14:34 | Create | Villager (Male) |
| 15:30 | Age | Castle Age |
| 15:30 | Research | Bow Saw |
| 16:09 | Create | Villager (Male) |
| 16:09 | Create | Villager (Male) |
| 16:15 | Build | Farm |
| 16:51 | Build | House |
| 16:53 | Build | House |
| 16:54 | Create | Villager (Male) |
| 16:54 | Create | Villager (Male) |
| 17:05 | Build | Castle |
| 17:10 | Build | House |
| 17:15 | Build | House |
| 17:17 | Build | House |
| 17:22 | Build | Palisade Wall |
| 17:26 | Build | Palisade Wall |
| 17:34 | Create | Villager (Male) |
| 17:41 | Build | Town Center |
| 17:43 | Create | Villager (Male) |
| 17:47 | Research | Fletching |
| 17:51 | Build | House |
| 17:53 | Create | Villager (Male) |
| 18:07 | Build | House |
| 18:57 | Create | Organ Gun |
| 18:57 | Create | Organ Gun |
| 19:06 | Build | Monastery |
| 19:17 | Create | Villager (Male) |
| 19:17 | Create | Villager (Male) |
| 19:20 | Build | Mining Camp |
| 19:22 | Build | Farm |
| 19:29 | Create | Villager (Male) |
| 19:29 | Create | Villager (Male) |
| 19:35 | Create | Villager (Male) |
| 19:44 | Build | House |
| 19:44 | Create | Monk |
| 19:53 | Create | Monk |
| 20:09 | Build | House |
| 20:18 | Create | Villager (Male) |
| 20:18 | Create | Villager (Male) |
| 20:19 | Create | Villager (Male) |
| 20:20 | Create | Villager (Male) |
| 20:22 | Build | Farm |
| 20:25 | Build | Farm |
| 20:25 | Build | Farm |
| 20:29 | Build | Farm |
| 20:34 | Build | Farm |
| 20:35 | Build | Farm |
| 20:44 | Build | Mining Camp |
| 20:51 | Create | Villager (Male) |
| 20:51 | Create | Villager (Male) |
| 21:00 | Build | Farm |
| 21:02 | Create | Villager (Male) |
| 21:04 | Create | Villager (Male) |
| 21:11 | Create | Monk |
| 21:25 | Research | Fervor |
| 21:25 | Research | Fervor |
| 21:26 | Research | Fervor |
| 21:36 | Create | Villager (Male) |
| 21:43 | Research | Gold Mining |
| 21:56 | Create | Villager (Male) |
| 22:08 | Create | Organ Gun |
| 22:10 | Create | Villager (Male) |
| 22:27 | Create | Organ Gun |
| 22:39 | Build | Mining Camp |
| 22:39 | Create | Villager (Male) |
| 22:42 | Create | Villager (Male) |
| 22:44 | Create | Villager (Male) |
| 22:51 | Create | Organ Gun |
| 23:03 | Create | Villager (Male) |
| 23:13 | Create | Villager (Male) |
| 23:16 | Create | Villager (Male) |
| 23:25 | Create | Organ Gun |
| 23:43 | Create | Organ Gun |
| 23:47 | Research | Wheelbarrow |
| 23:47 | Create | Villager (Male) |
| 24:10 | Create | Organ Gun |
| 24:21 | Research | Heavy Plow |
| 24:24 | Create | Villager (Male) |
| 24:37 | Create | Organ Gun |
| 24:49 | Create | Villager (Male) |
| 24:49 | Create | Villager (Male) |
| 25:13 | Build | Siege Workshop |
| 25:18 | Research | Stone Shaft Mining |
| 25:25 | Create | Organ Gun |
| 26:16 | Create | Villager (Male) |
| 26:17 | Create | Villager (Male) |
| 26:17 | Create | Villager (Male) |
| 26:43 | Build | Castle |
| 26:44 | Create | Villager (Male) |
| 26:44 | Create | Villager (Male) |
| 26:45 | Create | Villager (Male) |
| 26:51 | Build | House |
| 26:52 | Build | House |
| 26:52 | Build | House |
| 26:53 | Build | House |
| 27:20 | Build | Barracks |
| 27:24 | Create | Villager (Male) |
Build order — Fatal
First 150 of 387 actions detected
| 0:02 | Create | Villager (Male) |
| 0:02 | Create | Villager (Male) |
| 0:02 | Create | Villager (Male) |
| 0:04 | Build | House |
| 0:05 | Build | House |
| 0:37 | Create | Villager (Male) |
| 0:37 | Create | Villager (Male) |
| 1:53 | Create | Villager (Male) |
| 1:53 | Create | Villager (Male) |
| 1:56 | Create | Villager (Male) |
| 1:56 | Create | Villager (Male) |
| 2:28 | Build | Lumber Camp |
| 2:30 | Create | Villager (Male) |
| 2:59 | Create | Villager (Male) |
| 2:59 | Create | Villager (Male) |
| 3:01 | Create | Villager (Male) |
| 3:02 | Create | Villager (Male) |
| 3:40 | Build | House |
| 3:48 | Create | Villager (Male) |
| 3:48 | Create | Villager (Male) |
| 4:04 | Create | Villager (Male) |
| 4:04 | Create | Villager (Male) |
| 4:24 | Build | Mill |
| 4:45 | Create | Villager (Male) |
| 4:45 | Create | Villager (Male) |
| 4:45 | Create | Villager (Male) |
| 4:46 | Create | Villager (Male) |
| 5:28 | Create | Villager (Male) |
| 6:09 | Create | Villager (Male) |
| 6:10 | Create | Villager (Male) |
| 6:18 | Build | House |
| 6:30 | Create | Villager (Male) |
| 6:45 | Create | Villager (Male) |
| 7:09 | Create | Villager (Male) |
| 7:57 | Create | Villager (Male) |
| 7:57 | Create | Villager (Male) |
| 8:03 | Build | House |
| 8:14 | Create | Villager (Male) |
| 8:20 | Research | Loom |
| 8:20 | Research | Feudal Age |
| 9:05 | Build | Mining Camp |
| 11:06 | Build | Mining Camp |
| 11:12 | Build | Farm |
| 11:15 | Build | Farm |
| 11:17 | Build | Farm |
| 11:58 | Age | Feudal Age |
| 12:01 | Build | Market |
| 12:03 | Build | Blacksmith |
| 12:15 | Create | Villager (Male) |
| 12:15 | Create | Villager (Male) |
| 12:23 | Research | Double-Bit Axe |
| 12:29 | Research | Horse Collar |
| 13:07 | Research | Castle Age |
| 13:08 | Research | Castle Age |
| 13:12 | Build | Farm |
| 13:14 | Build | Farm |
| 13:16 | Build | Farm |
| 15:18 | Build | House |
| 15:19 | Build | House |
| 15:47 | Age | Castle Age |
| 15:49 | Build | Town Center |
| 16:03 | Build | House |
| 16:04 | Build | House |
| 16:43 | Create | Villager (Male) |
| 16:43 | Create | Villager (Male) |
| 16:43 | Create | Villager (Male) |
| 16:51 | Research | Bow Saw |
| 17:15 | Build | Castle |
| 17:48 | Create | Villager (Male) |
| 17:50 | Create | Villager (Male) |
| 17:50 | Create | Villager (Male) |
| 18:30 | Create | Villager (Male) |
| 18:30 | Create | Villager (Male) |
| 18:37 | Build | Farm |
| 18:38 | Build | Farm |
| 18:38 | Build | Farm |
| 18:39 | Build | Farm |
| 18:40 | Build | Farm |
| 18:43 | Create | Mangudai |
| 18:44 | Create | Mangudai |
| 18:55 | Create | Villager (Male) |
| 18:56 | Create | Villager (Male) |
| 18:57 | Create | Villager (Male) |
| 19:00 | Build | House |
| 19:01 | Build | House |
| 19:14 | Create | Villager (Male) |
| 19:23 | Research | Fletching |
| 19:38 | Create | Mangudai |
| 19:40 | Create | Villager (Male) |
| 19:54 | Create | Villager (Male) |
| 19:56 | Create | Villager (Male) |
| 19:59 | Build | House |
| 20:00 | Build | House |
| 20:05 | Create | Mangudai |
| 20:06 | Create | Villager (Male) |
| 20:06 | Create | Villager (Male) |
| 20:11 | Create | Villager (Male) |
| 20:25 | Build | Farm |
| 20:34 | Create | Mangudai |
| 20:35 | Create | Villager (Male) |
| 20:50 | Create | Villager (Male) |
| 21:12 | Build | House |
| 21:12 | Build | House |
| 21:13 | Build | House |
| 21:15 | Build | House |
| 21:18 | Create | Mangudai |
| 21:18 | Create | Mangudai |
| 21:19 | Create | Villager (Male) |
| 21:20 | Create | Villager (Male) |
| 21:23 | Build | Farm |
| 21:28 | Build | Farm |
| 21:30 | Create | Villager (Male) |
| 21:38 | Create | Mangudai |
| 21:46 | Build | University |
| 21:54 | Create | Mangudai |
| 21:56 | Create | Villager (Male) |
| 21:56 | Create | Villager (Male) |
| 22:01 | Build | Farm |
| 22:16 | Create | Villager (Male) |
| 22:20 | Build | Barracks |
| 22:28 | Create | Villager (Male) |
| 22:34 | Build | Farm |
| 22:38 | Build | Farm |
| 22:47 | Create | Villager (Male) |
| 22:49 | Create | Villager (Male) |
| 22:49 | Create | Villager (Male) |
| 22:56 | Create | Mangudai |
| 23:10 | Research | Stone Mining |
| 23:13 | Build | House |
| 23:14 | Build | House |
| 23:16 | Build | House |
| 23:18 | Create | Villager (Male) |
| 23:21 | Create | Villager (Male) |
| 23:21 | Create | Villager (Male) |
| 23:27 | Create | Mangudai |
| 23:30 | Create | Mangudai |
| 23:45 | Create | Villager (Male) |
| 23:45 | Create | Villager (Male) |
| 23:53 | Build | Archery Range |
| 23:57 | Create | Villager (Male) |
| 23:57 | Create | Villager (Male) |
| 24:12 | Build | Castle |
| 24:27 | Build | Lumber Camp |
| 24:33 | Create | Villager (Male) |
| 24:33 | Create | Villager (Male) |
| 24:40 | Build | House |
| 24:42 | Build | House |
| 24:43 | Build | House |
| 24:58 | Build | Stable |
| 25:04 | Research | Ballistics |
Build order — Doorbell
First 150 of 255 actions detected
| 0:01 | Create | Villager (Male) ×4 |
| 0:01 | Create | Villager (Male) ×4 |
| 0:04 | Build | House |
| 0:05 | Build | House |
| 1:47 | Create | Villager (Male) |
| 1:57 | Build | Lumber Camp |
| 2:01 | Create | Villager (Male) |
| 2:05 | Create | Villager (Male) |
| 2:05 | Create | Villager (Male) |
| 2:58 | Create | Villager (Male) |
| 2:58 | Create | Villager (Male) |
| 3:19 | Create | Villager (Male) |
| 3:19 | Create | Villager (Male) |
| 3:20 | Create | Villager (Male) |
| 3:56 | Create | Villager (Male) |
| 3:56 | Create | Villager (Male) |
| 3:56 | Create | Villager (Male) |
| 4:10 | Build | House |
| 4:17 | Create | Villager (Male) |
| 4:17 | Create | Villager (Male) |
| 4:27 | Build | House |
| 4:44 | Build | Mill |
| 5:06 | Create | Villager (Male) |
| 5:06 | Create | Villager (Male) |
| 5:06 | Create | Villager (Male) |
| 5:06 | Create | Villager (Male) |
| 5:41 | Create | Villager (Male) |
| 5:41 | Create | Villager (Male) |
| 5:57 | Create | Villager (Male) |
| 5:58 | Create | Villager (Male) |
| 6:19 | Create | Villager (Male) |
| 6:20 | Create | Villager (Male) |
| 6:50 | Create | Villager (Male) |
| 7:31 | Create | Villager (Male) |
| 7:45 | Build | House |
| 8:11 | Create | Villager (Male) |
| 8:46 | Create | Villager (Male) |
| 9:26 | Build | Mining Camp |
| 9:43 | Research | Feudal Age |
| 9:49 | Research | Loom |
| 10:00 | Create | Villager (Male) |
| 10:00 | Create | Villager (Male) |
| 10:01 | Create | Villager (Male) |
| 10:01 | Create | Villager (Male) |
| 11:07 | Build | Farm |
| 11:10 | Build | Farm |
| 11:13 | Build | Farm |
| 11:16 | Build | Farm |
| 11:21 | Build | Barracks |
| 11:24 | Build | Farm |
| 11:53 | Age | Feudal Age |
| 12:21 | Build | Stable |
| 12:24 | Build | Blacksmith |
| 12:35 | Build | Farm |
| 12:55 | Build | Farm |
| 12:59 | Build | Farm |
| 13:09 | Build | House |
| 13:18 | Build | House |
| 13:23 | Research | Castle Age |
| 14:01 | Build | House |
| 14:06 | Build | House |
| 14:35 | Research | Double-Bit Axe |
| 14:55 | Build | House |
| 15:10 | Build | Stable |
| 15:50 | Build | Farm |
| 15:55 | Build | Farm |
| 16:11 | Build | Farm |
| 16:14 | Build | Farm |
| 16:39 | Age | Castle Age |
| 16:42 | Create | Villager (Male) |
| 16:42 | Create | Villager (Male) |
| 16:43 | Create | Villager (Male) |
| 16:44 | Research | Bow Saw |
| 16:50 | Create | Knight ×5 |
| 17:34 | Create | Villager (Male) |
| 18:53 | Create | Villager (Male) |
| 18:53 | Create | Villager (Male) |
| 18:53 | Create | Villager (Male) |
| 19:00 | Build | Town Center |
| 19:42 | Build | Siege Workshop |
| 19:52 | Create | Villager (Male) |
| 19:58 | Create | Knight |
| 19:58 | Create | Knight |
| 19:58 | Create | Knight |
| 19:59 | Create | Knight |
| 20:03 | Research | Scale Barding Armor |
| 20:20 | Build | House |
| 20:21 | Build | House |
| 20:22 | Build | House |
| 20:23 | Build | House |
| 20:25 | Build | House |
| 20:43 | Create | Villager (Male) ×5 |
| 20:53 | Build | Farm |
| 20:53 | Build | Farm |
| 20:54 | Build | Farm |
| 20:56 | Build | Farm |
| 20:56 | Build | Farm |
| 20:57 | Build | Farm |
| 21:20 | Create | Knight |
| 21:20 | Create | Knight |
| 21:34 | Build | Farm |
| 21:46 | Create | Villager (Male) ×5 |
| 21:54 | Create | Battering Ram |
| 22:02 | Create | Battering Ram |
| 22:02 | Create | Battering Ram |
| 22:08 | Create | Villager (Male) ×2 |
| 22:28 | Build | Mining Camp |
| 22:37 | Research | Stone Mining |
| 22:49 | Build | House |
| 22:51 | Build | House |
| 22:53 | Build | House |
| 23:03 | Create | Villager (Male) ×5 |
| 23:08 | Build | Farm |
| 23:08 | Build | Farm |
| 23:11 | Build | Farm |
| 23:39 | Create | Battering Ram |
| 23:39 | Create | Battering Ram |
| 24:14 | Create | Villager (Male) ×5 |
| 24:40 | Create | Knight ×5 |
| 24:47 | Research | Chain Barding Armor |
| 24:55 | Build | House |
| 25:11 | Research | Husbandry |
| 25:17 | Create | Villager (Male) ×2 |
| 25:23 | Build | Farm |
| 25:23 | Build | Farm |
| 25:24 | Build | Farm |
| 25:27 | Build | Farm |
| 25:29 | Build | House |
| 25:30 | Build | House |
| 25:31 | Build | House |
| 26:04 | Research | Forging |
| 26:14 | Create | Villager (Male) ×5 |
| 26:44 | Create | Villager (Male) ×5 |
| 26:58 | Build | Town Center |
| 27:01 | Build | House |
| 27:05 | Build | House |
| 27:06 | Build | House |
| 27:07 | Build | House |
| 27:11 | Research | Gold Mining |
| 27:19 | Build | Monastery |
| 27:29 | Research | Wheelbarrow |
| 28:10 | Create | Villager (Male) ×5 |
| 28:22 | Create | Monk |
| 28:30 | Build | Farm |
| 28:31 | Build | Farm |
| 28:31 | Build | Farm |
| 28:32 | Build | Farm |
| 28:34 | Build | Farm |
| 28:42 | Create | Villager (Male) ×5 |
| 28:55 | Build | Castle |
Build order — gdanelutti87
First 150 of 312 actions detected
| 0:04 | Build | House |
| 0:06 | Build | House |
| 0:58 | Create | Villager (Male) |
| 1:37 | Build | Lumber Camp |
| 1:41 | Create | Villager (Male) |
| 2:14 | Create | Villager (Male) |
| 2:45 | Create | Villager (Male) |
| 3:01 | Create | Villager (Male) |
| 3:36 | Create | Villager (Male) |
| 3:56 | Create | Villager (Male) |
| 4:30 | Create | Villager (Male) |
| 4:39 | Create | Villager (Male) |
| 5:46 | Create | Villager (Male) |
| 5:46 | Create | Villager (Male) |
| 5:46 | Create | Villager (Male) |
| 5:56 | Create | Villager (Male) |
| 6:59 | Create | Villager (Male) |
| 7:13 | Build | Mill |
| 8:04 | Create | Villager (Male) |
| 8:20 | Research | Feudal Age |
| 9:07 | Build | Mining Camp |
| 9:37 | Build | House |
| 9:43 | Build | House |
| 10:12 | Create | Villager (Male) |
| 10:12 | Create | Villager (Male) |
| 10:39 | Age | Feudal Age |
| 10:42 | Build | Market |
| 10:48 | Research | Double-Bit Axe |
| 11:00 | Build | Blacksmith |
| 11:21 | Create | Villager (Male) |
| 11:33 | Build | Farm |
| 11:51 | Create | Villager (Male) |
| 11:58 | Build | Farm |
| 12:12 | Create | Villager (Male) |
| 12:22 | Build | Farm |
| 12:48 | Build | Farm |
| 13:07 | Research | Castle Age |
| 13:15 | Build | House |
| 13:44 | Build | Mining Camp |
| 13:51 | Create | Villager (Male) |
| 13:52 | Create | Villager (Male) |
| 14:06 | Build | House |
| 14:12 | Build | House |
| 14:16 | Create | Villager (Male) |
| 14:39 | Research | Stone Mining |
| 14:54 | Build | Outpost |
| 15:47 | Age | Castle Age |
| 15:51 | Create | Villager (Male) |
| 16:07 | Create | Villager (Male) |
| 16:28 | Build | Town Center |
| 16:30 | Create | Villager (Male) |
| 16:45 | Build | Outpost |
| 16:54 | Create | Villager (Male) |
| 17:20 | Build | House |
| 17:45 | Create | Villager (Male) |
| 17:55 | Build | Farm |
| 17:55 | Create | Villager (Male) |
| 18:16 | Build | Castle |
| 18:50 | Create | Villager (Male) |
| 18:53 | Build | Farm |
| 18:54 | Build | Farm |
| 18:55 | Create | Villager (Male) |
| 18:56 | Create | Villager (Male) |
| 18:58 | Create | Villager (Male) |
| 19:06 | Build | Farm |
| 19:06 | Build | Farm |
| 19:06 | Build | Farm |
| 19:32 | Build | Monastery |
| 19:33 | Create | Villager (Male) |
| 19:39 | Build | House |
| 20:08 | Build | Mining Camp |
| 20:12 | Create | Villager (Male) |
| 20:16 | Create | Villager (Male) |
| 20:18 | Create | Villager (Male) |
| 20:23 | Create | Monk |
| 20:38 | Create | Villager (Male) |
| 20:46 | Create | Villager (Male) |
| 20:55 | Build | Farm |
| 20:56 | Create | Villager (Male) |
| 21:16 | Build | Farm |
| 21:17 | Build | Farm |
| 21:17 | Build | Farm |
| 21:21 | Create | Villager (Male) |
| 21:42 | Create | Monk |
| 22:00 | Build | Farm |
| 22:00 | Create | Villager (Male) |
| 22:03 | Create | Villager (Male) |
| 22:07 | Build | Farm |
| 22:08 | Create | Villager (Male) |
| 22:14 | Create | Villager (Male) |
| 22:26 | Build | House |
| 22:28 | Build | House |
| 22:42 | Build | Farm |
| 22:43 | Create | Villager (Male) |
| 22:46 | Create | Villager (Male) |
| 22:46 | Create | Villager (Male) |
| 22:52 | Build | Farm |
| 23:19 | Build | Farm |
| 23:20 | Create | Villager (Male) |
| 23:21 | Create | Villager (Male) |
| 23:24 | Create | Villager (Male) |
| 23:40 | Create | Chu Ko Nu |
| 23:40 | Create | Chu Ko Nu |
| 23:41 | Create | Chu Ko Nu |
| 23:41 | Create | Chu Ko Nu |
| 23:41 | Create | Chu Ko Nu |
| 23:44 | Create | Chu Ko Nu |
| 23:44 | Create | Chu Ko Nu |
| 23:48 | Create | Villager (Male) |
| 23:54 | Create | Villager (Male) |
| 24:24 | Build | Castle |
| 24:27 | Create | Chu Ko Nu |
| 24:32 | Create | Villager (Male) |
| 24:35 | Research | Wheelbarrow |
| 24:37 | Create | Villager (Male) |
| 24:37 | Create | Villager (Male) |
| 24:48 | Build | Town Center |
| 25:05 | Create | Chu Ko Nu |
| 25:08 | Create | Villager (Male) |
| 25:14 | Research | Fletching |
| 25:14 | Research | Padded Archer Armor |
| 25:37 | Build | Farm |
| 25:37 | Build | Farm |
| 25:37 | Build | Farm |
| 25:39 | Build | Farm |
| 25:42 | Create | Villager (Male) |
| 25:42 | Create | Villager (Male) |
| 25:42 | Create | Villager (Male) |
| 25:46 | Create | Chu Ko Nu |
| 25:46 | Create | Chu Ko Nu |
| 26:34 | Create | Chu Ko Nu |
| 26:34 | Create | Chu Ko Nu |
| 26:35 | Create | Chu Ko Nu |
| 26:35 | Create | Chu Ko Nu |
| 27:03 | Research | Imperial Age |
| 27:08 | Create | Villager (Male) |
| 27:16 | Create | Villager (Male) |
| 27:20 | Create | Villager (Male) |
| 27:20 | Create | Villager (Male) |
| 27:33 | Build | Mining Camp |
| 27:40 | Create | Chu Ko Nu |
| 27:41 | Create | Chu Ko Nu |
| 27:41 | Create | Chu Ko Nu |
| 27:42 | Create | Chu Ko Nu |
| 27:42 | Create | Chu Ko Nu |
| 27:50 | Create | Villager (Male) |
| 27:50 | Create | Villager (Male) |
| 27:54 | Create | Villager (Male) |
| 28:03 | Research | Horse Collar |
| 28:09 | Build | House |
Match timeline
| 10:35 | Nerdyx · age_up feudal |
| 10:39 | gdanelutti87 · age_up feudal |
| 11:21 | Doorbell · first_building Barracks |
| 11:53 | Doorbell · age_up feudal |
| 11:58 | Fatal · age_up feudal |
| 12:21 | Doorbell · first_building Stable |
| 12:56 | gdanelutti87 · first_market_buy 100 food |
| 13:03 | gdanelutti87 · first_market_sell 100 wood |
| 15:30 | Nerdyx · age_up castle |
| 15:47 | Fatal · age_up castle |
| 15:47 | gdanelutti87 · age_up castle |
| 16:39 | Doorbell · age_up castle |
| 17:05 | Nerdyx · first_building Castle |
| 17:15 | Fatal · first_building Castle |
| 17:22 | Nerdyx · wall_segment Palisade Wall x1 |
| 17:26 | Nerdyx · wall_segment Palisade Wall x1 |
| 18:16 | gdanelutti87 · first_building Castle |
| 19:06 | Nerdyx · first_building Monastery |
| 19:32 | gdanelutti87 · first_building Monastery |
| 19:42 | Doorbell · first_building Siege Workshop |
| 22:20 | Fatal · first_building Barracks |
| 23:53 | Fatal · first_building Archery Range |
| 24:58 | Fatal · first_building Stable |
| 25:13 | Nerdyx · first_building Siege Workshop |
| 27:19 | Doorbell · first_building Monastery |
| 27:20 | Nerdyx · first_building Barracks |
| 28:36 | Nerdyx · first_market_buy 100 food |
| 28:55 | Doorbell · first_building Castle |
| 30:09 | gdanelutti87 · first_building Barracks |
| 30:13 | gdanelutti87 · age_up imperial |
| 32:03 | Nerdyx · age_up imperial |
| 32:19 | Fatal · first_market_sell 100 wood |
| 33:45 | gdanelutti87 · first_building Archery Range |
| 34:03 | Nerdyx · first_market_sell 100 wood |
| 35:52 | Fatal · age_up imperial |
| 36:08 | Doorbell · age_up imperial |
| 37:33 | Nerdyx · first_building Archery Range |
| 40:19 | Doorbell · wall_segment Stone Wall x1 |
| 40:24 | Doorbell · wall_segment Stone Wall x15 |
| 40:29 | Doorbell · wall_segment Stone Wall x35 |
| 42:43 | Nerdyx · wall_segment Stone Wall x1 |
| 43:23 | gdanelutti87 · resign |
[ AI ANALYSIS · 1 CREDIT ]
What really happened in this match?
Wolo.gg analyzes every decision: build order, eco, micro, common mistakes by bracket. Personalized analysis on WhatsApp or Discord in 30 seconds.
Civ guide
Portuguese
Map guide
Arena
Perfil
Nerdyx